 Dungeon Crawl Stone Soup version 0.26.0-10-g1f06aea511 (webtiles) character file.

Game seed: 18312507845957730170

53 MajorAdolf the Sneak (level 3, -1/33 HPs)
             Began as a Naga Wanderer on Jan 17, 2021.
             Killed from afar by Natasha (8 damage)
             ... with a magic dart
             ... on level 2 of the Dungeon.
             The game lasted 00:01:51 (1188 turns).

MajorAdolf the Sneak (Naga Wanderer)                Turns: 1188, Time: 00:01:51

Health: -1/33      AC:  7    Str: 17    XL:     3   Next: 87%
Magic:  3/3        EV:  7    Int: 12    God:
Gold:   49         SH:  0    Dex:  8    Spells: 2/2 levels left

rFire    . . .     SeeInvis +   a - +0 hand axe
rCold    . . .     Faith    .   (no shield)
rNeg     . . .     Spirit   .   b - +2 scale mail
rPois    +         Reflect  .   (no helmet)
rElec    .         Harm     .   g - +0 cloak
rCorr    .         Rampage  .   (no gloves)
Will     .....                  (no barding)
Stlth    +.........             (no amulet)
HPRegen  0.11/turn              (no ring)
MPRegen  0.08/turn              (no ring)

@: slowed, very slow
A: large, see invisible, deformed body, poison resistance, slowness 2, spit
poison 1, AC +1
a: Spit Poison


You were on level 2 of the Dungeon.
You visited 1 branch of the dungeon, and saw 2 of its levels.

You collected 49 gold pieces.

Inventory:

Hand Weapons
 a - a +0 hand axe (weapon)
 d - a +0 dagger
Armour
 b - a +2 scale mail (worn)
 g - a +0 cloak (worn)
Scrolls
 e - a scroll of fog {unknown}
 f - a scroll of remove curse {unknown}
 i - 7 scrolls of identify {unknown}
 j - a scroll of amnesia {unknown}
Potions
 c - 2 potions of curing
 h - 2 potions of lignification {unknown}


   Skills:
 + Level 2.8 Fighting
 - Level 1.0 Axes
 - Level 2.6 Crossbows
 + Level 2.2 Armour
 + Level 1.3 Dodging
 - Level 3.0 Stealth


You had 2 spell levels left.
You didn't know any spells.
Your spell library was empty.

Dungeon Overview and Level Annotations

Branches:
Dungeon (1/15)

Altars:

Annotations:
D:2 Natasha


Innate Abilities, Weirdness & Mutations

You cannot wear boots.
Your serpentine skin is tough. (AC +1)
You have supernaturally acute eyesight. (SInv)
Armour fits poorly on your strangely shaped body.
Your system is resistant to poisons. (rPois)
You cover ground very slowly.
You can spit poison.


Message History

You feel better.
You have got your breath back.
Natasha claws you. Natasha claws you but does no damage.
Press: ? - help, Shift-Dir - straight line, f/p - Natasha
Aim: Natasha (lightly wounded)
The splash of poison hits Natasha.
Natasha is poisoned.
Natasha is heavily wounded.
Natasha claws you but does no damage.
Unknown command.
You closely miss Natasha.
Natasha is heavily wounded.
Natasha claws you!
* * * LOW HITPOINT WARNING * * *
Natasha barely misses you.
Unknown command.
You have got your breath back.
Natasha looks more healthy.
Natasha mumbles some strange words.
Natasha casts a spell at you. The magic dart hits you!
You die...

#..........#.# #[# #†#
#########..#.## #.####.#
###.....####.##...#
#............##.###
#.......###.###.#
####5#.####.###.##
#h#....(......# #
###.######.###..#
#.###..@5.####.# #..#
#.#............. #..#
#....##.#.####.. #...
#####..##...####..##.###
#..(((............##.#
#.###.#.......###.# .#
#.# #..........# #.#
#...........# #.#
#..........##


You could see Natasha, a crimson imp (summoned) and a white imp (summoned).

Vanquished Creatures
  3 adders (D:2)
  2 dart slugs (D:1)
  6 bats
  A giant cockroach (D:1)
  2 goblins
  2 hobgoblins
  2 kobolds
  A quokka (D:2)
  A ball python (D:2)
  A frilled lizard (D:1)
  4 rats
25 creatures vanquished.

Notes
Turn   | Place    | Note
-------+----------+-------------------------------------------
     0 | D:1      | MajorAdolf the Naga Wanderer began the quest for the Orb.
     0 | D:1      | MajorAdolf set off with the following items: a +0 hand axe,
                  | a +2 scale mail, a potion of curing, a +0 dagger
     0 | D:1      | Reached XP level 1. HP: 19/19 MP: 1/1
   261 | D:1      | Reached XP level 2. HP: 24/26 MP: 2/2
   631 | D:1      | You fall into a shaft and drop 1 floor!
   746 | D:2      | Reached skill level 1 in Dodging
   746 | D:2      | Reached XP level 3. HP: 31/33 MP: 3/3
  1165 | D:2      | Noticed Natasha
  1188 | D:2      | Killed from afar by Natasha

Illustrated notes

Levels and vault maps discovered:
D:1:      shiori_arrival_maze, layout_rooms
D:2:      layout_loops_ring, gammafunk_temple_overflow_elements,
          nicolae_ru_path_of_blood, feat_on_display, uniq_natasha,
          uniq_crazy_yiuf_cottage

Skill      XL: |  1  2 |
---------------+-------+-----
Armour         | 2 |  2.2
Dodging        | 1 |  1.3
Fighting       | |  2.8
Axes           | |  1.0
Crossbows      | |  2.6
Stealth        | |  3.0

Action                   || total
-------------------------++-------
Melee: Hand axe          ||    85
 Abil: Spit Poison       ||     8
  Use: Potion            ||     1
Armor: Scale mail        ||    78
Dodge: Dodged            ||    52
